AoeStats
← tbzachary

Enclosed

506383095Analyzed
1v1 RM · 20d ago on Sep 13, 2026· 68m 2s· 2 players
Game mode
Random Map
Map size
Tiny (2 player)
Population
200
Speed
Normal
Resources
Standard
Victory
Conquest
Starting age
Dark Age
Ending age
Imperial Age
RankedLock teamsTeams togetherTeam positionsShared explorationLock speedFull tech treeHidden civsTurbo modeCheats
Victory
Defeat
🇺🇸 Mongols · United States
718
+14
🇬🇧 Bulgarians · United Kingdom
673
-14
ScrewyTrash
10:31 Feudal Age
11:31 Double-Bit Axe
12:03 Gold Mining
13:35 Town Watch
14:27 Wheelbarrow
14:43 Arson
16:09 Forging
16:00 Scale Mail Armor
16:01 Horse Collar
23:46 Castle Age
25:59 Heavy Plow
26:12 Bow Saw
27:53 Thumb Ring
27:09 Elite Skirmisher
29:00 Chain Mail Armor
29:21 Iron Casting
28:47 Padded Archer Armor
28:37 Fletching
29:43 Stone Mining
30:02 Gambesons
31:41 Leather Archer Armor
31:21 Bodkin Arrow
32:16 Pikeman
32:57 Squires
38:54 Imperial Age
37:32 Ballistics
39:07 Onager
41:32 Conscription
41:46 Siege Engineers
43:23 Gold Shaft Mining
44:48 Chemistry
49:04 Blast Furnace
48:35 Plate Mail Armor
48:47 Bracer
50:57 Halberdier
tbzachary
4:59 Loom
10:30 Feudal Age
16:46 Scale Barding Armor
16:52 Forging
20:29 Castle Age
21:43 Double-Bit Axe
22:19 Fletching
22:30 Padded Archer Armor
24:40 Bow Saw
25:36 Husbandry
25:48 Bloodlines
26:04 Leather Archer Armor
25:46 Bodkin Arrow
29:45 Gold Mining
29:46 Stone Mining
29:55 Horse Collar
32:47 Wheelbarrow
34:02 Town Watch
34:38 Hand Cart
34:12 Town Watch
37:23 Chain Barding Armor
37:46 Iron Casting
38:23 Gold Shaft Mining
43:43 Imperial Age
46:01 Elite Mangudai
47:08 Drill
48:02 Stone Shaft Mining
47:01 Capped Ram
48:35 Bracer
49:37 Blast Furnace
48:02 Heavy Camel Rider
52:03 Onager
55:09 Siege Onager
55:33 Siege Ram
61:00 Light Cavalry
64:50 Hussar
66:59 Heavy Plow
Connection lost

Rejoining the realm…

Still unreachable

The connection could not be restored.

Session expired

The server has moved on; the page needs a fresh start.